 Dungeon Crawl Stone Soup version 0.20.1-1-g8b1a95d (webtiles) character file.

144 varam the Cudgeler (level 5, 32/32 HPs)
             Began as a Gargoyle Fighter on Oct 11, 2017.
             Quit the game on level 3 of the Dungeon on Nov 7, 2017.
             The game lasted 00:06:23 (2626 turns).

varam the Cudgeler (Gargoyle Fighter)               Turns: 2626, Time: 00:06:23

Health: 32/32      AC: 10    Str: 19    XL:     5   Next: 27%
Magic:  5/5        EV:  7    Int: 10    God:
Gold:   130        SH:  9    Dex:  9    Spells: 4/4 levels left

rFire    . . .     SeeInvis .   o - +0 whip
rCold    . . .     Gourm    .   c - +0 shield
rNeg     + . .     Faith    .   b - +0 scale mail
rPois    ∞         Spirit   .   (no helmet)
rElec    +         Reflect  .   (no cloak)
rCorr    .         Harm     .   (no gloves)
MR       .....                  (no boots)
Stlth    ..........             (no amulet)
Regen    0.1/turn               k - ring of flight
MPRegen  0.1/turn               (no ring)

@: no status effects
A: negative energy resistance 1, electricity resistance, unbreathing,
petrification resistance, rot immunity, AC +4
a: Evoke Flight


You were on level 3 of the Dungeon.
You were not hungry.

You visited 1 branch of the dungeon, and saw 4 of its levels.

You collected 130 gold pieces.

Inventory:

Hand Weapons
 a - a +0 flail
 o - a +0 whip (weapon)
 p - a +2 flail of holy wrath
Armour
 b - a +0 scale mail (worn)
 c - a +0 shield (worn)
Jewellery
 k - a ring of flight (left hand)
Scrolls
 f - 2 scrolls of fog {unknown}
 g - 3 scrolls of fear {unknown}
 h - a scroll of recharging {unknown}
 j - 2 scrolls of magic mapping {unknown}
 m - a scroll of enchant weapon {unknown}
 n - a scroll of remove curse {unknown}
 r - 3 scrolls of identify {unknown}
Potions
 d - 2 potions of lignification {unknown}
 l - a potion of heal wounds {unknown}
 q - a potion of resistance {unknown}
 t - 2 potions of might {@q4}
Comestibles
 e - 2 bread rations {@e1}


   Skills:
 - Level 3.2 Fighting
 + Level 5.3 Maces & Flails
 - Level 3.2 Armour
 - Level 3.2 Shields


You had 4 spell levels left.
You didn't know any spells.

Dungeon Overview and Level Annotations

Branches:
Dungeon (4/15)
 Temple: D:4-7

Altars:
Dithmenos


Innate Abilities, Weirdness & Mutations

You are resistant to torment.
Your stone body is resilient. (AC +4)
You are immune to poison.
You resist negative energy. (rN+)
You are resistant to electric shocks. (rElec)
You can survive without breathing.
You are immune to petrification.
You are immune to rotting.


Message History

a ring mail; an orc skeleton
Things that are here:
a club; 2 stones
There is a stone staircase leading down here.
You see here an orc skeleton.
There is an open door here.
You open the door.
There is an open door here.
t - 2 potions of might {@q4} (gained 1)
Found 21 stones.
Welcome back, varam the Gargoyle Fighter.
Welcome back, varam the Gargoyle Fighter.
Welcome back, varam the Gargoyle Fighter.
Welcome back, varam the Gargoyle Fighter.
Welcome back, varam the Gargoyle Fighter.
Okay, then.
Saving game... please wait.
Welcome back, varam the Gargoyle Fighter.
Welcome back, varam the Gargoyle Fighter.
Welcome back, varam the Gargoyle Fighter.

#...÷..'....#
######.######....#
.......b...(..#'###
#############.#.#
######>........# ###
.............#.# #.#
####.........#.#####.#
........####.#.......#
###....@# ###########
#...........!
.....#####...## ####.
(.+ # .# #


There were no monsters in sight!

Vanquished Creatures
  An orc priest (D:3)
  3 gnolls (D:2)
  3 adders
  A dart slug (D:1)
  2 leopard geckos (D:2)
  3 orcs (D:3)
  8 bats
  4 giant cockroaches
  7 hobgoblins
  2 ball pythons (D:2)
  A frilled lizard (D:1)
  7 goblins
  8 kobolds
  3 rats
53 creatures vanquished.

Notes
Turn   | Place    | Note
-------+----------+-------------------------------------------
     0 | D:1      | varam the Gargoyle Fighter began the quest for the Orb.
     0 | D:1      | Reached XP level 1. HP: 14/14 MP: 1/1
   303 | D:1      | Reached XP level 2. HP: 19/19 MP: 2/2
   372 | D:1      | Reached skill level 3 in Maces & Flails
   989 | D:2      | Found a shadowy altar of Dithmenos.
  1095 | D:2      | Reached XP level 3. HP: 23/23 MP: 3/3
  1265 | D:2      | Reached skill level 4 in Maces & Flails
  1437 | D:2      | Reached XP level 4. HP: 26/28 MP: 4/4
  2265 | D:3      | Reached skill level 5 in Maces & Flails
  2265 | D:3      | Reached XP level 5. HP: 6/32 MP: 5/5
  2626 | D:3      | Quit the game

Skill      XL: |  1  2  3  4 |
---------------+-------------+-----
Maces & Flails | 3 4 5 |  5.3
Fighting       | |  3.2
Armour         | |  3.2
Shields        | |  3.2

Action                   |  1- 3 |  4- 6 || total
-------------------------+-------+-------++-------
Melee: Flail             |   114 |    50 ||   164
       Whip              |       |    43 ||    43
  Eat: Chunk             |     2 |     4 ||     6
Armor: Scale mail        |    67 |    37 ||   104
Dodge: Dodged            |    34 |    31 ||    65
Block: Shield            |    72 |    38 ||   110
